 Dungeon Crawl Stone Soup version 0.30.1-11-g7821555f0a (webtiles) character file.

Game seed: 15132998446702221042

33739 lonewolfV2 the Blocker (level 14, -10/113 HPs)
             Began as a Formicid Fighter on Nov 16, 2023.
             Was a Priest of Qazlal.
             Mangled by a centaur warrior simulacrum (22 damage)
             ... on level 15 of the Dungeon.
             The game lasted 00:26:00 (19379 turns).

lonewolfV2 the Blocker (Formicid Fighter)          Turns: 19379, Time: 00:26:01

Health: -10/113    AC: 19    Str: 31    XL:     14   Next: 9%
Magic:  0/22       EV: 10    Int:  9    God:    Qazlal [***...]
Gold:   912        SH: 13    Dex: 24    Spells: 13/13 levels left

rFire   . . .        I - +6 battleaxe
rCold   . . .        c - +0 buckler
rNeg    . . .        L - +5 scale mail of Slovenliness {rElec Will+}
rPois   .            (helmet unavailable)
rElec   +            G - +2 cloak of Analysis {Str+2 Dex+3}
rCorr   .            z - +0 pair of gloves
SInv    +            (no boots)
Will    ++...        H - amulet of guardian spirit
Stlth   +            u - +6 ring of strength
HPRegen 0.38/turn    N - +6 ring of dexterity
MPRegen 0.18/turn

%: guardian spirit
@: studying Armour
A: permanent stasis, dig shafts and tunnels, antennae 3, four strong arms
a: Dig, Shaft Self, Renounce Religion, Upheaval, Elemental Force


You were on level 15 of the Dungeon.
You worshipped Qazlal.
Qazlal was most pleased with you.
You visited 3 branches of the dungeon, and saw 17 of its levels.

You collected 912 gold pieces.

Inventory:

Hand Weapons
 a - a +1 war axe of venom
 I - a +6 battleaxe (weapon)
 P - a +3 great mace
Armour
 c - a +0 buckler (worn)
 z - a +0 pair of gloves (worn)
 D - a +0 chain mail
 G - the +2 cloak of Analysis (worn) {Str+2 Dex+3}
   (You found it on level 8 of the Dungeon)

   Str:       It affects your strength (+2).
   Dex:       It affects your dexterity (+3).
 L - the +5 scale mail of Slovenliness (worn) {rElec Will+}
   (You found it on level 13 of the Dungeon)

   rElec:     It insulates you from electricity.
   Will:      It increases your willpower.
Jewellery
 b - a +4 ring of slaying
 u - a +6 ring of strength (left hand)
 x - a +5 ring of evasion
 y - a ring of willpower
 H - an amulet of guardian spirit (around neck)
 J - a +6 ring of intelligence
 N - a +6 ring of dexterity (right hand)
 O - an amulet of reflection
Wands
 t - a wand of flame (20)
 v - a wand of acid (15)
 A - a wand of mindburst (18)
 K - a wand of iceblast (7)
 M - a wand of digging (4)
Scrolls
 j - 3 scrolls of fog
 o - a scroll of amnesia
 p - 2 scrolls of poison
 s - 2 scrolls of silence
 w - a scroll of blinking
 F - a scroll of magic mapping
Potions
 d - 5 potions of might
 e - a potion of ambrosia
 f - 2 potions of mutation
 g - 18 potions of curing
 h - a potion of resistance
 k - 3 potions of haste {unknown}
 l - 3 potions of degeneration
 m - 3 potions of berserk rage
 n - a potion of flight
 q - 4 potions of brilliance
 r - 2 potions of lignification
 B - a potion of cancellation
 C - 4 potions of attraction
 E - 2 potions of magic


   Skills:
 - Level 11.0 Fighting
 - Level 10.6 Axes
 + Level 13.7 Armour
 + Level 13.9 Shields
 - Level 11.6 Invocations


You had 13 spell levels left.
You didn't know any spells.
Your spell library contained the following spells:

 Spells                   Type           Power      Damage    Failure   Level
 Sting                    Tmut/Pois      0%         1d3       58%         1
 Cigotuvi's Dreadful Rot  Necr/Pois/Air  0%         N/A       73%         2
 Lesser Beckoning         Tloc           0%         N/A       73%         2
 Scorch                   Fire           0%         2d5       73%         2
 Static Discharge         Conj/Air       0%         2-2/arc   73%         2
 Call Canine Familiar     Summ           0%         N/A       91%         3
 Gell's Gravitas          Tloc           0%         N/A       91%         3
 Portal Projectile        Hex/Tloc       0%         N/A       91%         3
 Teleport Other           Tloc           0%         N/A       91%         3
 Dispel Undead            Necr           0%         3d6       100%        4
 Flame Wave               Conj/Fire      0%         2d4       100%        4
 Leda's Liquefaction      Hex/Erth       0%         N/A       100%        4
 Sticky Flame             Conj/Fire      0%         2d3       100%        4
 Alistair's Intoxication  Tmut/Pois      0%         N/A       100%        5
 Fireball                 Conj/Fire      0%         3d3       100%        5
 Death Channel            Necr           0%         N/A       100%        6
 Iron Shot                Conj/Erth      0%         9d1       100%        6
 Statue Form              Tmut/Erth      0%         N/A       100%        6
 Summon Cactus Giant      Summ           0%         N/A       100%        6


Dungeon Overview and Level Annotations

Branches:
Dungeon (15/15)            Temple (1/1) D:7            Lair (1/5) D:11
    Orc (0/2) D:10         Vaults (0/5) D:13
 Depths: D:15

Altars:
Ashenzari
Cheibriados
Dithmenos
Elyvilon
Fedhas
Gozag
Hepliaklqana
Kikubaaqudgha
Makhleb
Nemelex Xobeh
Okawaru
Qazlal
Ru
Sif Muna
Trog
Uskayaw
Vehumet
Wu Jian
Xom
Yredelemnul
Zin
The Shining One

Shops:
D:1 ?   D:10 ([

Portals:
Trove: D:11 (give +2 gold dragon scales)

Annotations:
D:12 exclusion: ice statue


Innate Abilities, Weirdness & Mutations

You cannot be hasted, slowed, berserked, paralysed or teleported.
You can dig through walls and to a lower floor.
You have a pair of large antennae on your head. (SInv)
Your four strong arms can wield two-handed weapons with a shield.


Message History

The meliai mumbles some strange prayers to its god against you.
Something smites you!
* * * LOW HITPOINT WARNING * * *
A centaur warrior comes into view.
The manticore flicks its tail.
You block the volley of spikes.
The centaur shoots an arrow.
You block the arrow.
Your life force feels restored.
You are confused.
You feel invigorated.
* * * LOW HITPOINT WARNING * * *
You feel extremely sick.
You hear a shout!
The meliai hits you with a +0 war axe!
* * * LOW HITPOINT WARNING * * *
The meliai stings you but does no damage.
A centaur comes into view. It is wielding a +0 great mace.
The centaur warrior simulacrum hits you but does no damage.
The centaur warrior simulacrum kicks you but does no damage.
The centaur wields a +0 shortbow.
The centaur shoots an arrow.
The arrow hits you but does no damage.
The centaur shoots an arrow.
The arrow hits you.
* * * LOW HITPOINT WARNING * * *
The meliai invokes the aid of its god against you.
Something smites you!
* * * LOW HITPOINT WARNING * * *
The manticore flicks its tail.
The volley of spikes misses you.
The centaur warrior simulacrum hits you but does no damage.
The centaur warrior simulacrum barely misses you.
You feel better.
You feel less invigorated. You block the meliai's attack.
The meliai stings you but does no damage.
A centaur comes into view.
The centaur wields a +0 shortbow.
The centaur shoots an arrow.
You block the arrow.
The centaur shoots an arrow.
The arrow hits you but does no damage.
The centaur warrior simulacrum hits you.
* * * LOW HITPOINT WARNING * * *
The centaur warrior simulacrum freezes you!!
You die...

...c...........
#..............
#.c.c...H....#
#............# .
#....c.......###..
....c.............
.....cā—‹ā—‹....#
....
....Q.B@Z...#.....
......y)[.........
.....e...........#
........<.#.......
.......#<###......
##....$### ......
......# .....
...### #.... ..
....


You could see an entropy weaver, a tengu warrior, a centaur warrior, a
manticore, a deep elf pyromancer, a meliai, 5 centaurs and a centaur warrior
simulacrum.

Vanquished Creatures
  A yaktaur captain (D:13)
  A hydra (D:14)
  3 centaur warriors
  2 death knights
  4 two-headed ogres
  2 tengu warriors (D:14)
  A skeletal warrior (D:13)
  Pikel (D:5)
  A phantasmal warrior (D:13)
  3 deep elf pyromancers
  2 manticores
  7 cyclopes
  A gargoyle (D:13)
  Maggie (D:6)
  3 unseen horrors
  A kobold demonologist (D:12)
  2 freezing wraiths (D:13)
  4 yaktaurs
  2 tengu conjurers (D:15)
  8 trolls
  2 meliai (D:15)
  Grinder (D:3)
  Sigmund (D:4)
  A water elemental (D:13)
  3 shadows
  27 yaks
  4 fire bats (D:13)
  A basilisk (D:12)
  2 wyverns (D:9)
  A wraith (D:12)
  A steam dragon (D:7)
  12 vampire mosquitoes
  2 acid dragons
  A hell hound (D:13)
  A water moccasin (Lair:1)
  An ice beast (D:7)
  9 orc warriors
  2 sky beasts
  An ogre (D:3)
  6 centaurs
  A lemure (D:5)
  2 phantoms (D:4)
  Blork the orc (D:6)
  3 kobold brigands
  5 bullfrogs
  A gnoll sergeant (D:12)
  2 scorpions
  5 wights (D:9)
  17 killer bees
  3 electric eels (D:13)
  10 howler monkeys
  2 lava snakes (D:13)
  7 orc priests
  4 hounds
  3 jellies
  Natasha (twice) (D:3)
  A sleepcap (D:8)
  Jessica (D:2)
  6 iguanas
  11 orc wizards
  3 gnolls (D:5)
  7 adders
  A white imp (D:5)
  A worm (D:2)
  4 dart slugs
  32 orcs
  4 bats
  11 endoplasms
  A giant cockroach (D:2)
  13 hobgoblins
  7 jackals (D:1)
  8 quokkas
  10 ball pythons
  3 frilled lizards
  14 goblins
  30 kobolds
  6 rats
371 creatures vanquished.

Vanquished Creatures (collateral kills)
  A hydra (D:14)
  A yaktaur (D:13)
2 creatures vanquished.

Vanquished Creatures (others)
  A black bear (D:4)
  A howler monkey (D:4)
  An adder (D:4)
  2 worms (D:4)
  2 endoplasms (D:4)
  A giant cockroach (D:4)
  A ball python (D:4)
  A goblin (D:4)
  3 fire vortices (D:13)
13 creatures vanquished.

Grand Total: 386 creatures vanquished

Notes
Turn   | Place    | Note
-------+----------+-------------------------------------------
     0 | D:1      | lonewolfV2 the Formicid Fighter began the quest for the
                  | Orb.
     0 | D:1      | Reached XP level 1. HP: 18/18 MP: 1/1
   165 | D:1      | Reached XP level 2. HP: 21/24 MP: 2/2
   252 | D:1      | Found Gunok's Magic Scroll Emporium.
   271 | D:1      | Reached XP level 3. HP: 30/30 MP: 3/3
   860 | D:2      | Reached XP level 4. HP: 32/37 MP: 4/4
   934 | D:2      | Noticed Jessica
   937 | D:2      | Killed Jessica
  1524 | D:2      | Reached XP level 5. HP: 43/43 MP: 5/5
  2188 | D:3      | Reached skill level 5 in Fighting
  2434 | D:3      | Noticed Natasha
  2441 | D:3      | Killed Natasha
  2442 | D:3      | Reached XP level 6. HP: 43/51 MP: 6/6
  2498 | D:3      | Noticed an ogre
  2517 | D:3      | Killed an ogre
  2584 | D:3      | Noticed Grinder
  2605 | D:3      | Killed Grinder
  2606 | D:3      | Reached skill level 5 in Axes
  2606 | D:3      | Reached XP level 7. HP: 19/59 MP: 7/7
  3071 | D:3      | Noticed Natasha
  3083 | D:3      | Killed Natasha
  3643 | D:4      | Noticed Sigmund
  3658 | D:4      | Killed Sigmund
  3659 | D:4      | Reached XP level 8. HP: 45/67 MP: 8/8
  3958 | D:4      | Found a shimmering altar of Xom.
  4216 | D:4      | Found an ornate altar of the Wu Jian Council.
  4294 | D:5      | Entered Level 5 of the Dungeon
  4386 | D:5      | Noticed Pikel
  4402 | D:5      | Killed Pikel
  4403 | D:5      | Reached XP level 9. HP: 34/76 MP: 9/9
  5205 | D:5      | Reached skill level 5 in Shields
  5450 | D:6      | Noticed Maggie
  5463 | D:6      | Killed Maggie
  5466 | D:6      | Reached skill level 5 in Armour
  5834 | D:6      | Got Sif Muna's Encyclopedia of Injurious Venin
  5964 | D:6      | Noticed Blork the orc
  5973 | D:6      | Killed Blork the orc
  6581 | D:7      | Noticed a deep elf pyromancer
  6586 | D:7      | Reached XP level 10. HP: 76/83 MP: 10/10
  6672 | D:7      | Killed a deep elf pyromancer
  6748 | D:7      | Found a staircase to the Ecumenical Temple.
  6792 | Temple   | Entered the Ecumenical Temple
  6826 | Temple   | Became a worshipper of Qazlal Stormbringer
  7016 | D:7      | Found a broken altar of Ashenzari.
  7040 | D:7      | Identified the +7 flail "Nybbaelo" {heavy, rF+ rN+}
  7729 | D:8      | Noticed a two-headed ogre
  7737 | D:8      | Killed a two-headed ogre
  7935 | D:8      | Noticed a two-headed ogre
  7942 | D:8      | Killed a two-headed ogre
  7943 | D:8      | Reached skill level 10 in Shields
  8097 | D:8      | Noticed a cyclops
  8108 | D:8      | Killed a cyclops
  8575 | D:8      | Reached XP level 11. HP: 67/89 MP: 11/11
  8907 | D:8      | Identified the +2 cloak of Analysis {Str+2 Dex+3}
  9369 | D:9      | Reached skill level 10 in Fighting
  9369 | D:9      | Reached skill level 10 in Armour
  9373 | D:9      | Reached * piety under Qazlal
 10063 | D:9      | Reached skill level 1 in Invocations
 10309 | D:9      | Reached ** piety under Qazlal
 10929 | D:10     | Entered Level 10 of the Dungeon
 11121 | D:10     | Reached skill level 5 in Invocations
 11295 | D:10     | Noticed a two-headed ogre
 11303 | D:10     | Killed a two-headed ogre
 11304 | D:10     | Reached XP level 12. HP: 79/100 MP: 13/16
 11663 | D:10     | Found Ulupya's Weapon Boutique.
 11667 | D:10     | Found a staircase to the Orcish Mines.
 11669 | D:10     | Found Vyffuf's Armour Boutique.
 12073 | D:11     | Reached *** piety under Qazlal
 12144 | D:11     | Found a staircase to the Lair.
 12156 | D:11     | Found a portal to a secret trove of treasure.
 12583 | D:11     | Noticed a two-headed ogre
 12591 | D:11     | Killed a two-headed ogre
 12799 | D:11     | Reached skill level 10 in Axes
 12840 | D:11     | Reached skill level 10 in Invocations
 13300 | Lair:1   | Entered Level 1 of the Lair of Beasts
 13789 | D:12     | Got the Atlas of Flinty Pyromania
 14000 | D:12     | Reached XP level 13. HP: 63/106 MP: 17/21
 14658 | D:12     | Reached **** piety under Qazlal
 15249 | D:13     | Noticed a yaktaur captain
 15265 | D:13     | Killed a yaktaur captain
 15506 | D:13     | Found a gate to the Vaults.
 15562 | D:13     | Identified the +5 scale mail of Slovenliness {rElec Will+}
 15610 | D:13     | Noticed a centaur warrior
 15618 | D:13     | Killed a centaur warrior
 15863 | D:13     | Noticed a centaur warrior
 15876 | D:13     | Killed a centaur warrior
 17830 | D:14     | Noticed an eight-headed hydra
 17841 | D:14     | Killed a nine-headed hydra
 18098 | D:14     | Noticed a six-headed hydra
 18114 | D:14     | Killed a 12-headed hydra
 18425 | D:14     | Noticed a centaur warrior
 18432 | D:14     | Killed a centaur warrior
 18789 | D:14     | Reached XP level 14. HP: 85/108 MP: 18/22
 19359 | D:14     | Identified a scroll of acquirement
 19359 | D:14     | Acquired a manual of Armour
 19362 | D:15     | Entered Level 15 of the Dungeon
 19378 | D:15     | HP: 1/113 [meliai/divine providence (8)]
 19379 | D:15     | Mangled by a centaur warrior simulacrum

Illustrated notes

Levels and vault maps discovered:
D:1:      ncdulo_wetmaze, layout_loops_cross, serial_shops, shop
D:2:      layout_basic, minmay_fountain_box, uniq_jessica
D:3:      minmay_octagon_keep, layout_basic, uniq_grinder, uniq_natasha
D:4:      layout_loops_ring, xom_confusion_cloud,
          nicolae_wu_jian_immortal_techniques, uniq_sigmund
D:5:      layout_loops_ring, grunt_ministairs_2,
          hangedman_abyss_or_decor_stagger, uniq_pikel
D:6:      layout_loops_ring, uniq_blork_the_orc, uniq_maggie
D:7:      minmay_chambers_of_fours, layout_basic, nicolae_ashenzari_panopticon,
          minmay_temple_entry_offerings, enter_bailey_5,
          hangedman_decor_opposing
D:8:      minmay_distorted_concentric_squares, layout_basic,
          grunt_decor_arrowhead
D:9:      layout_gridville, serial_rivers, chequers_serial_rivers_small_3,
          chequers_serial_rivers_small_a, chequers_serial_rivers_room_b,
          chequers_serial_rivers_large_a, chequers_serial_rivers_small_a,
          chequers_serial_rivers_room_b, serial_park_tiny_pond
D:10:     layout_irregular_city, orc_david_3
D:11:     layout_basic, lair_entry_dummy, gauntlet_entry_generic,
          nicolae_trove_entry_crossroad
D:12:     lemuel_ice_statue, layout_loops_ring, hangedman_corner_corridor
D:13:     layout_irregular_city, david_vaults_2, serial_bayou,
          serial_bayou_shore_a, serial_bayou_crossing, serial_bayou_pond_d,
          serial_bayou_pond_e, serial_bayou_lagoon_a, hangedman_incinerator
D:14:     kennysheep_six_static_rooms, layout_irregular_city,
          kennysheep_cross_room
D:15:     gammafunk_depths_entry_grave, layout_cave_pools, serial_shops,
          nicolae_shop_advertising_works [nicolae_subvault_shop_adworks],
          minmay_misc_feat_cross, uniq_kirke
Temple:   hellmonk_temple_of_storms
Lair:1:   wad_woods_minihive, layout_cave_pods, infiniplex_staircase_pool_2

Skill      XL: |  1  2  3  4  5  6  7  8  9 10 11 12 13 |
---------------+----------------------------------------+-----
Fighting       | 4 5 6 7 9 11 | 11.0
Axes           | 3 4 5 6 8 9 10 | 10.6
Armour         | 6 9 11 13 | 13.7
Shields        | 7 10 13 | 13.9
Invocations    | 6 11 | 11.6

Action                     |  1- 3 |  4- 6 |  7- 9 | 10-12 | 13-15 || total
---------------------------+-------+-------+-------+-------+-------++-------
  Melee: War axe           |    95 |   124 |   205 |   167 |       ||   591
         Battleaxe         |       |       |       |   253 |   199 ||   452
 Invoke: Upheaval          |       |       |       |       |     3 ||     3
         Elemental Force   |       |       |       |       |     3 ||     3
  Evoke: Wand              |       |       |       |     2 |     3 ||     5
    Use: Scroll            |     5 |     4 |     9 |     8 |     4 ||    30
         Potion            |       |       |     2 |     1 |     6 ||     9
 Armour: Scale mail        |    52 |    58 |    62 |     9 |   140 ||   321
         Chain mail        |       |       |       |   244 |    13 ||   257
  Dodge: Dodged            |    46 |    43 |    83 |   220 |   111 ||   503
         Repelled          |       |       |       |       |     1 ||     1
  Block: Buckler           |    32 |    37 |    54 |   281 |   195 ||   599
